 Dungeon Crawl Stone Soup version 0.31-a0-161-gb58dd9be76 (webtiles) character file.

Game seed: 10297233040723969101

65 Hubris850 the Caller (level 4, -1/36 HPs)
             Began as a Tengu Summoner on June 12, 2023.
             Succumbed to an adder's poison
             ... on level 2 of the Dungeon.
             The game lasted 00:04:24 (1335 turns).

Hubris850 the Caller (Tengu Summoner)               Turns: 1335, Time: 00:04:25

Health: -1/36      AC: 22    Str:  6 (9)  XL:     4   Next: 13%
Magic:  6/8        EV:  2    Int: 16 (17) God:
Gold:   97         SH:  0    Dex: 11 (14) Spells: 7/8 levels left

rFire   . . .        d - +0 spear
rCold   . . .        (no shield)
rNeg    . . .        a - melded +0 robe
rPois   +            (helmet currently unavailable)
rElec   .            (cloak currently unavailable)
rCorr   .            j - melded +0 pair of gloves
SInv    .            (boots unavailable)
Will    .....        (no amulet)
Stlth   ++           (no ring)
HPRegen 0.26/turn    (no ring)
MPRegen 0.11/turn

%: no passive effects
@: lethally poisoned (-1 -> -4), tree-form
A: stationary, stasis, torment immunity, boosted hp, (beak), (talons 3)
a: no special abilities


You were on level 2 of the Dungeon.
You were a tree.
You visited 1 branch of the dungeon, and saw 2 of its levels.

You collected 97 gold pieces.

Inventory:

Hand Weapons
 d - a +0 spear (weapon)
Missiles
 k - 4 boomerangs
Armour
 a - a +0 robe (melded)
 e - an orb of guile
 j - a +0 pair of gloves (melded)
Jewellery
 i - a +5 ring of evasion
Scrolls
 c - a scroll of fear {unknown}
 f - a scroll of amnesia {unknown}
 h - a scroll of poison {unknown}
 l - a scroll of enchant weapon {unknown}
 o - a scroll of acquirement {unknown}
 p - a scroll of identify {unknown}
Potions
 b - a potion of magic


   Skills:
 - Level 3.0 Dodging
 + Level 2.8 Stealth
 + Level 2.6 Spellcasting
 + Level 5.3 Summonings


You had 7 spell levels left.
You knew the following spells:

 Your Spells              Type           Power      Damage    Failure   Level
a - Summon Small Mammal   Summ           76%        N/A       2%          1

Your spell library contained the following spells:

 Spells                   Type           Power      Damage    Failure   Level
 Call Imp                 Summ           38%        N/A       3%          2
 Call Canine Familiar     Summ           19%        N/A       6%          3
 Summon Guardian Golem    Hex/Summ       10%        N/A       19%         3
 Cigotuvi's Dreadful Rot  Necr/Pois/Air  4%         N/A       30%         2
 Ignite Poison            Fire/Tmut/Pois 2%         N/A       52%         3
 Summon Lightning Spire   Summ/Air       10%        N/A       54%         4
 Freezing Cloud           Conj/Ice/Air   1%         6-21      99%         5


Dungeon Overview and Level Annotations

Branches:
Dungeon (2/15)

Altars:
Nemelex Xobeh


Innate Abilities, Weirdness & Mutations

You are a tree.
Your roots penetrate the ground, keeping you stationary.
You cannot be teleported.
You are immune to unholy pain and torment.
Your maximum health is greatly increased.
Your equipment is partially melded.
((You have a beak for a mouth.))
((You have claws for feet.))


Message History

The adder is heavily wounded.
You feel sick.
Your quokka closely misses the adder.
The adder barely misses you.
Your quokka bites the adder.
You closely miss the adder.
The adder is severely wounded.
You feel sick. The adder misses you.
Your quokka closely misses the adder.
The adder closely misses you.
You hit the adder but do no damage. You claw the adder, but do no damage.
The adder is severely wounded.
You feel sick. The adder bites you.
* * * LOW HITPOINT WARNING * * *
You are lethally poisoned!
The adder poisons you!
Your quokka barely misses the adder.
Unknown command.
You swap places.
* * * LOW HITPOINT WARNING * * *
You feel sick. The adder barely misses your quokka.
Your quokka completely misses the adder. x2
The adder bites your quokka.
It was a potion of lignification.
You turn into a tree.
Your +0 pair of gloves melds into your body.
Your +0 robe melds into your body.
Your roots penetrate the ground.
* * * LOW HITPOINT WARNING * * *
You feel sick.
Your quokka barely misses the adder.
Your quokka misses the adder. The adder bites your quokka.
Your quokka closely misses the adder.
You are too injured to fight recklessly!
Reach: d) +0 spear
Press: ? - help, Dir - move target, f - adder
Aim: an adder (severely wounded, ally target, about 62% to evade your +0 spear)
You reach to attack!
You hit the adder.
The adder is almost dead.
* * * LOW HITPOINT WARNING * * *
You feel sick. The adder bites your quokka.
Your quokka dies!
Your quokka's corpse disappears in a puff of smoke!
Your quokka closely misses the adder.
You miss the adder.
The adder is severely wounded.
You die...

#......###..######.....####.#####
#.._.......## #####..##......#
.......##### ##.##......#
#........# #.#...[...#
##.#...#.#### #.........#
#..###.<....## #.##......# #.##
#.#.##..### #.##......# ..#
#.#.......###### #.######### ###
#.#####....♣§†.##..## ## #.#
###.rS##......# .## #.#
###.#....##... ..## #.#
#####...#####. #..###.#
#......†....## ##.##>.#
#.....†.†.....# #....##
#..............$# ###...#
#...............# #.#.#
#.................


You could see an adder (ally target) and a friendly quokka (summoned).

Vanquished Creatures
  3 adders (D:2)
  An endoplasm (D:1)
  A jackal (D:2)
  A kobold (D:2)
  3 bats
  3 rats
12 creatures vanquished.

Vanquished Creatures (collateral kills)
  An adder (D:2)
  A dart slug (D:2)
  2 bats
  2 endoplasms
  2 giant cockroaches (D:2)
  A hobgoblin (D:2)
  2 jackals (D:2)
  A quokka (D:1)
  2 ball pythons (D:2)
14 creatures vanquished.

Grand Total: 26 creatures vanquished

Notes
Turn   | Place    | Note
-------+----------+-------------------------------------------
     0 | D:1      | Hubris850 the Tengu Summoner began the quest for the Orb.
     0 | D:1      | Reached XP level 1. HP: 10/10 MP: 4/4
   501 | D:1      | Reached XP level 2. HP: 15/15 MP: 6/6
   707 | D:2      | Found a sparkling altar of Nemelex Xobeh.
   715 | D:2      | Reached skill level 5 in Summonings
   849 | D:2      | Found a faded altar of an unknown god.
   905 | D:2      | Reached XP level 3. HP: 5/19 MP: 5/7
  1328 | D:2      | Reached XP level 4. HP: 10/24 MP: 5/8
  1332 | D:2      | HP: 1/24 [poisoned by an adder]
  1335 | D:2      | Succumbed to an adder's poison

Illustrated notes

Levels and vault maps discovered:
D:1:      eino_arrival_cavern_b, layout_rooms, st_stairs_12, minmay_tripent
D:2:      layout_rooms, basic_altar, basic_ecumenical_altar,
          minmay_misc_feat_rows, uniq_natasha

Skill      XL: |  1  2  3 |
---------------+----------+-----
Summonings     | 5 |  5.3
Dodging        | 3 |  3.0
Stealth        | |  2.8
Spellcasting   | |  2.6

Action                     |  1- 3 |  4- 6 || total
---------------------------+-------+-------++-------
  Melee: Spear             |    60 |     6 ||    66
         Kick              |     9 |     1 ||    10
         Peck              |     5 |       ||     5
   Cast: Summon Small Mamm |    31 |       ||    31
    Use: Potion            |     2 |     1 ||     3
   Stab: Sleeping          |     1 |       ||     1
 Armour: Robe              |    18 |       ||    18
  Dodge: Dodged            |    41 |     3 ||    44

Table legend: (Time is in decaauts)
 A = Elapsed time spent in this place.
 B = Non-inter-level travel time spent in this place.
 C = Inter-level travel time spent in this place.
 D = Time resting spent in this place.
 E = Time spent auto-exploring this place.
 F = Levels seen in this place.
 G = Mean time per level.
                   A        B        C        D        E       F      G
               +--------+--------+--------+--------+--------+-----+--------+
         Total |   1342 |   1293 |     49 |    132 |    887 |   2 |  671.0 |
       Dungeon |   1342 |   1293 |     49 |    132 |    887 |   2 |  671.0 |
               +--------+--------+--------+--------+--------+-----+--------+

Top non-repeatable levels by time:
     D:1: 709 daAuts
     D:2: 632 daAuts
